 Dungeon Crawl Stone Soup version 0.31-a0-731-ga75f04deac (webtiles) character file.

Game seed: 7411387543690062537

200 CoinPitGoblin the Changeling (level 6, -2/43 HPs)
             Began as a Djinni Shapeshifter on Sept 12, 2023.
             Slain by an orc
             ... wielding a +0 hand axe
              (6 damage)
             ... on level 4 of the Dungeon.
             The game lasted 00:10:48 (3025 turns).

CoinPitGoblin the Changeling (Djinni Shapeshifter)  Turns: 3025, Time: 00:10:48

Health: -2/43      AC:  3    Str: 19    XL:     6   Next: 7%
Gold:   208        EV: 13    Int: 11    God:
                   SH:  0    Dex: 15

rFire   + + +        e - +0 short sword (freeze)
rCold   x . .        (no shield)
rNeg    . . .        a - +1 animal skin
rPois   ∞            (helmet currently unavailable)
rElec   .            (cloak currently unavailable)
rCorr   .            (gloves currently unavailable)
SInv    .            (boots unavailable)
Will    .....        (no amulet)
Stlth   +            o - ring of protection from fire
HPRegen 0.27/turn    j - +6 ring of strength
MPRegen 0.00/turn

%: infuse magic (-3 HP)
@: beast-form, flying, very slightly contaminated
A: beast (slay +2), flying, sickness immunity, fire resistance 2, cold
vulnerability 1, float, innate caster, HP casting, extra vitality 1
a: Begin Untransformation


You were on level 4 of the Dungeon.
You were a hulking beast.
You visited 1 branch of the dungeon, and saw 4 of its levels.

You collected 208 gold pieces.

Inventory:

Hand Weapons
 e - a +0 short sword of freezing (weapon)
Armour
 a - a +1 animal skin (worn)
 f - a +1 pair of gloves
Jewellery
 j - a +6 ring of strength (right hand)
 o - a ring of protection from fire (left hand)
Talismans
 c - a beast talisman (active)
 d - a flux talisman
Scrolls
 g - 2 scrolls of teleportation
 q - a scroll of poison
 s - a scroll of enchant armour
Potions
 h - a potion of curing {unknown}
 i - a potion of mutation {unknown}
 k - 2 potions of magic
 l - a potion of brilliance {unknown}
 m - a potion of enlightenment {unknown}
 n - 2 potions of cancellation


   Skills:
 + Level 2.1 Fighting
 + Level 3.2 Dodging
 - Level 3.0 Unarmed Combat
 * Level 1.9 Spellcasting
 * Level 1.9 Conjurations
 * Level 1.9 Hexes
 * Level 1.9 Summonings
 * Level 1.9 Necromancy
 * Level 1.9 Translocations
 * Level 1.9 Transmutations
 * Level 1.9 Fire Magic
 * Level 1.9 Ice Magic
 * Level 1.9 Air Magic
 * Level 1.9 Earth Magic
 * Level 1.9 Poison Magic
 + Level 3.9 Shapeshifting


You knew the following spells:

 Your Spells              Type           Power      Damage    Failure   Level
a - Foxfire               Conj/Fire      20%        2x1d5     14%         1
b - Poisonous Vapours     Pois/Air       10%        N/A       21%         2
Your spell library was empty.

Dungeon Overview and Level Annotations

Branches:
Dungeon (4/15)             Temple (0/1) D:4

Altars:

Annotations:
D:1 2 transporters
D:4 Pikel


Innate Abilities, Weirdness & Mutations

You are a hulking beast.
Your limbs bulge with bestial killing power. (Slay +2)
You are flying.
You are immune to sickness and miasma.
You are immune to poison.
Your flesh is very heat resistant. (rF++)
You are vulnerable to cold. (rC-)
You float through the air rather than walking.
You learn spells naturally, not from books.
Your magical power is your life essence.
You have superior vitality. (+4 MHP)


Message History

Confirm with . or Enter, or press ? or * to list all spells.
You conjure some foxfire!
The orc barely misses you.
The orc priest miscasts a cantrip.
You barely miss the orc priest.
The orc priest is heavily wounded.
The foxfire hits the orc priest.
The orc priest is heavily wounded.
The foxfire hits the orc priest.
The orc priest is heavily wounded.
The orc priest hits you with a +0 dagger.
The orc hits you but does no damage.
Unknown command.
Casting: Foxfire (safe; 14% risk of failure)
Confirm with . or Enter, or press ? or * to list all spells.
You miscast Foxfire.
You are very lightly contaminated with residual magic.
Nothing appears to happen.
The orc hits you with a +0 hand axe.
The orc priest calls down the wrath of Beogh upon you.
Pain shoots through your body!
* * * LOW HITPOINT WARNING * * *
Unknown command.
Casting: Foxfire (safe; 14% risk of failure)
Confirm with . or Enter, or press ? or * to list all spells.
You miscast Foxfire.
Nothing appears to happen.
* * * LOW HITPOINT WARNING * * *
The orc misses you.
The orc priest hits you with a +0 dagger.
* * * LOW HITPOINT WARNING * * *
Unknown command.
Unknown command.
You hit the orc priest. You freeze the orc priest.
The orc priest is almost dead.
The orc closely misses you.
The orc priest hits you with a +0 dagger.
* * * LOW HITPOINT WARNING * * *
You closely miss the orc priest.
You punch the orc priest, but do no damage.
The orc priest is almost dead.
The orc hits you with a +0 hand axe.
You die...

.# #.#.# . .#
#.#.#.## .#####
#.#.#.. .#...#
#.#...
.#.#.########.#.###
###............#.#
#######.##.....#
#.#####..# #.# #h.#
#.# #oo# #.# #..#
#.# #..# #.# #..#
#..# #..# ...#


You could see an orc priest and an orc.

Vanquished Creatures
  A jelly (D:4)
  A hound (D:4)
  8 adders
  4 dart slugs
  2 orcs (D:3)
  5 bats
  5 endoplasms
  2 giant cockroaches
  5 hobgoblins
  3 quokkas
  4 ball pythons
  9 goblins
  6 kobolds
  2 rats
57 creatures vanquished.

Vanquished Creatures (others)
  123 foxfires
123 creatures vanquished.

Grand Total: 180 creatures vanquished

Notes
Turn   | Place    | Note
-------+----------+-------------------------------------------
     0 | D:1      | CoinPitGoblin the Djinni Shapeshifter began the quest for
                  | the Orb.
     0 | D:1      | Reached XP level 1. HP: 17/17 MP: 0/0
   204 | D:1      | Reached XP level 2. HP: 21/22 MP: 0/0
   828 | D:2      | Reached XP level 3. HP: 27/27 MP: 0/0
   828 | D:2      | Learned a level 1 spell: Foxfire
  1333 | D:2      | Reached XP level 4. HP: 32/32 MP: 0/0
  2206 | D:4      | Reached XP level 5. HP: 34/38 MP: 0/0
  2206 | D:4      | Learned a level 2 spell: Poisonous Vapours
  2427 | D:4      | Reached skill level 1 in Spellcasting
  2427 | D:4      | Reached skill level 1 in Conjurations
  2427 | D:4      | Reached skill level 1 in Hexes
  2427 | D:4      | Reached skill level 1 in Summonings
  2427 | D:4      | Reached skill level 1 in Necromancy
  2427 | D:4      | Reached skill level 1 in Translocations
  2427 | D:4      | Reached skill level 1 in Transmutations
  2427 | D:4      | Reached skill level 1 in Fire Magic
  2427 | D:4      | Reached skill level 1 in Ice Magic
  2427 | D:4      | Reached skill level 1 in Air Magic
  2427 | D:4      | Reached skill level 1 in Earth Magic
  2427 | D:4      | Reached skill level 1 in Poison Magic
  2602 | D:4      | Reached XP level 6. HP: 41/43 MP: 0/0
  2625 | D:4      | Noticed Pikel
  2650 | D:4      | Noticed a water moccasin
  2917 | D:4      | Found a staircase to the Ecumenical Temple.
  3025 | D:4      | Slain by an orc

Illustrated notes

Levels and vault maps discovered:
D:1:      spicycebolla_arrival_transporter_tutorial, layout_basic,
          nicolae_kite_square_tiling_tiny
D:2:      layout_basic, grunt_decor_resistance
D:3:      layout_loops_cross
D:4:      minmay_evil_eye, layout_loops_ring, minmay_temple_entry_from_below_b,
          kennysheep_small_square, uniq_pikel

Skill      XL: |  1  2  3  4  5 |
---------------+----------------+-----
Shapeshifting  | 3 |  3.9
Dodging        | 3 |  3.2
Fighting       | 2 |  2.1
Spellcasting   | 1 |  1.9
Conjurations   | 1 |  1.9
Hexes          | 1 |  1.9
Summonings     | 1 |  1.9
Necromancy     | 1 |  1.9
Translocations | 1 |  1.9
Transmutations | 1 |  1.9
Fire Magic     | 1 |  1.9
Ice Magic      | 1 |  1.9
Air Magic      | 1 |  1.9
Earth Magic    | 1 |  1.9
Poison Magic   | 1 |  1.9
Unarmed Combat | |  3.0

Action                     |  1- 3 |  4- 6 || total
---------------------------+-------+-------++-------
  Melee: Unarmed           |     9 |       ||     9
         Short sword       |    64 |    80 ||   144
         Punch             |     4 |     3 ||     7
   Cast: Foxfire           |     8 |    62 ||    70
         Poisonous Vapours |       |     3 ||     3
    Use: Scroll            |     1 |     9 ||    10
         Potion            |       |     5 ||     5
   Stab: Sleeping          |       |     1 ||     1
 Armour: Animal skin       |    37 |    43 ||    80
         Skin              |       |    50 ||    50
  Dodge: Dodged            |    49 |    53 ||   102
   Form: Beast             |     1 |       ||     1
         Flux              |     1 |       ||     1

Table legend: (Time is in decaauts)
 A = Elapsed time spent in this place.
 B = Non-inter-level travel time spent in this place.
 C = Inter-level travel time spent in this place.
 D = Time resting spent in this place.
 E = Time spent auto-exploring this place.
 F = Levels seen in this place.
 G = Mean time per level.
                   A        B        C        D        E       F      G
               +--------+--------+--------+--------+--------+-----+--------+
         Total |   3003 |   2766 |    237 |    113 |   1992 |   4 |  750.8 |
       Dungeon |   3003 |   2766 |    237 |    113 |   1992 |   4 |  750.8 |
               +--------+--------+--------+--------+--------+-----+--------+

Top non-repeatable levels by time:
     D:3: 855 daAuts
     D:2: 800 daAuts
     D:4: 693 daAuts
     D:1: 654 daAuts
